 Dungeon Crawl Stone Soup version 0.32-a0-918-g0f22ef8 (webtiles) character file.

Game seed: 6414518651059947786

614353 dddddd the Executioner (level 27, -9/346 HPs)
             Began as a Formicid Fighter on Apr 10, 2024.
             Was the Champion of Qazlal.
             Mangled by Mennas
             ... wielding a +4 eudemon blade of holy wrath
              (11 damage)
             ... in Pandemonium.
             The game lasted 02:49:09 (53712 turns).

dddddd the Executioner (Formicid Fighter)          Turns: 53712, Time: 02:49:12

Health: -9/346     AC: 33    Str: 36    XL:     27
Magic:  10/13      EV:  2    Int: 16    God:    Qazlal [******]
Gold:   7149       SH:  0    Dex: 14    Spells: 59/59 levels left

rFire   + . .        a - +8 executioner's axe "Seite" {antimagic, *Noise rN++ Dex+3 SInv}
rCold   . . .        x - +6 tower shield
rNeg    + + .        M - melded +2 gold dragon scales
rPois   +            (helmet unavailable)
rElec   +            K - melded +2 cloak {rCorr}
rCorr   .            W - melded +1 pair of gloves {Stlth+}
SInv    +            p - melded +0 pair of boots of Muttered Phrases {rC++}
Will    ++...        j - amulet of regeneration
Stlth   +            R - ring "Uliac" {rF+ Str+6}
HPRegen 1.57/turn    Q - ring of Neikh {Fly rElec Int+3}
MPRegen 0.13/turn

%: repel missiles
@: confused, mighty, tree-form, ambrosia-drunk, protected from physical damage,
corroded, glowing, studying Ranged Weapons, silenced
A: stationary, stasis, torment immunity, boosted hp, permanent stasis, dig
shafts and tunnels, (antennae 3), four strong arms, clumsy 1, deterioration 1,
low MP 1, subdued magic 2
}: 3/15 runes: serpentine, barnacled, silver
a: Renounce Religion


You were in Pandemonium.
You worshipped Qazlal.
Qazlal was exalted by your worship.
You were a tree.
You visited 11 branches of the dungeon, and saw 50 of its levels.
You visited Pandemonium 1 time, and saw 1 of its levels.
You also visited: Ossuary and Gauntlet.

You collected 8128 gold pieces.
You spent 979 gold pieces at shops.

Inventory:

Hand Weapons
 a - the +8 executioner's axe "Seite" (weapon) {antimagic, *Noise rN++ Dex+3 SInv}
   (You acquired it on level 2 of the Orcish Mines)

   Dex+3:     It affects your dexterity (+3).
   rN++:      It greatly protects you from negative energy.
   SInv:      It lets you see invisible.
   *Noise:    It may make a loud noise when swung.
Missiles
 e - 50 poisoned darts
 l - 11 javelins
 n - 13 curare-tipped darts
 L - 6 throwing nets
 V - 14 silver javelins (quivered)
 X - 5 darts of dispersal
Armour
 p - the +0 pair of boots of Muttered Phrases (melded) {rC++}
   (You found it in a Gauntlet)

   rC++:      It greatly protects you from cold.
 x - a +6 tower shield (worn)
 K - a +2 cloak of preservation (melded)
 M - +2 gold dragon scales (melded)
 W - a +1 pair of gloves of stealth (melded)
Jewellery
 j - an amulet of regeneration (around neck)
 o - an amulet of reflection
 t - a ring of willpower
 A - the ring of Vic Fot {rPois rN+ AC+4 Dex+2}
   (You found it on level 3 of the Elven Halls)

   [ring of protection]

   AC+4:      It affects your AC (+4).
   Dex+2:     It affects your dexterity (+2).
   rPois:     It protects you from poison.
   rN+:       It protects you from negative energy.
 Q - the ring of Neikh (right branch) {Fly rElec Int+3}
   (You found it on level 3 of the Elven Halls)

   [ring of flight]

   Int+3:     It affects your intelligence (+3).
   rElec:     It insulates you from electricity.
   Fly:       It grants you flight.
 R - the ring "Uliac" (left branch) {rF+ Str+6}
   (You acquired it on level 2 of the Orcish Mines)

   [ring of strength]

   Str+6:     It affects your strength (+6).
   rF+:       It protects you from fire.
Talismans
 G - a talisman of death
Wands
 u - a wand of roots (75)
 D - a wand of digging (13)
 H - a wand of polymorph (33)
 J - a wand of quicksilver (76)
 O - a wand of mindburst (30)
 P - a wand of charming (72)
 Y - a wand of flame (121)
Scrolls
 c - 3 scrolls of fear
 f - 6 scrolls of amnesia
 i - 3 scrolls of enchant weapon
 k - 9 scrolls of vulnerability
 m - 2 scrolls of torment
 v - 17 scrolls of immolation
 y - 5 scrolls of fog
 C - a scroll of summoning
 F - 2 scrolls of silence
 N - 14 scrolls of revelation
 U - 8 scrolls of poison
Potions
 b - 4 potions of invisibility
 d - 5 potions of might
 g - 4 potions of ambrosia
 h - 4 potions of attraction
 s - 6 potions of brilliance
 w - 6 potions of enlightenment
 z - 9 potions of lignification
 B - 5 potions of resistance
 I - 18 potions of curing
 S - 6 potions of mutation
Miscellaneous
 q - a tin of tremorstones (2/2)
 E - a phantom mirror


   Skills:
 + Level 22.1 Fighting
 - Level 26.9 Axes
 + Level 15.7 Throwing
 - Level 15.0 Armour
 + Level 25.1 Shields
 + Level 16.8 Spellcasting
 + Level 22.5 Invocations
 + Level 13.1 Shapeshifting


You had 59 spell levels left.
You didn't know any spells.
Your spell library contained the following spells:

 Spells                   Type           Power      Damage    Failure   Level
 Apportation              Tloc           16%        N/A       2%          1
 Kiss of Death            Conj/Necr      32%        2d7       2%          1
 Magic Dart               Conj           32%        1d4       2%          1
 Necrotise                Necr           32%        1d5       2%          1
 Shock                    Conj/Air       32%        1d5       2%          1
 Sting                    Conj/Alch      32%        1d5       2%          1
 Summon Small Mammal      Summ           32%        N/A       2%          1
 Jinxbite                 Hex            16%        N/A       4%          2
 Lesser Beckoning         Tloc           16%        N/A       4%          2
 Mercury Vapours          Alch/Air       16%        N/A       4%          2
 Scorch                   Fire           16%        2d5       4%          2
 Searing Ray              Conj           16%        2d5       4%          2
 Sublimation of Blood     Necr           8%         N/A       4%          2
 Call Canine Familiar     Summ           8%         N/A       10%         3
 Hailstorm                Conj/Ice       8%         3d5       10%         3
 Inner Flame              Hex/Fire       8%         N/A       10%         3
 Ozocubu's Armour         Ice            8%         N/A       10%         3
 Passwall                 Erth           8%         N/A       10%         3
 Sigil of Binding         Hex            8%         N/A       10%         3
 Stone Arrow              Conj/Erth      16%        3d8       10%         3
 Summon Ice Beast         Ice/Summ       8%         N/A       10%         3
 Teleport Other           Tloc           8%         N/A       10%         3
 Vampiric Draining        Necr           8%         2d6       10%         3
 Volatile Blastmotes      Fire/Tloc      16%        2d11      10%         3
 Airstrike                Air            4%         2d(1-17)  34%         4
 Animate Armour           Summ/Erth      16%        N/A       34%         4
 Animate Dead             Necr           8%         N/A       34%         4
 Dimensional Bullseye     Hex/Tloc       4%         N/A       34%         4
 Flame Wave               Conj/Fire      8%         2d5       34%         4
 Fulminant Prism          Conj/Alch      4%         3d5       34%         4
 Ignite Poison            Fire/Alch      8%         N/A       34%         4
 Iskenderun's Mystic Bla Conj/Tloc 8%             2d4        (+2d1     34%         4
 Leda's Liquefaction      Alch/Erth      4%         N/A       34%         4
 Martyr's Knell           Necr/Summ      8%         N/A       34%         4
 Olgreb's Toxic Radiance  Alch           8%         N/A       34%         4
 Passage of Golubria      Tloc           8%         N/A       34%         4
 Petrify                  Alch/Erth      8%         N/A       34%         4
 Sticky Flame             Fire/Alch      8%         2d4       34%         4
 Summon Blazeheart Golem  Fire/Summ      8%         N/A       34%         4
 Alistair's Intoxication  Alch           5%         N/A       73%         5
 Curse of Agony           Necr           8%         N/A       73%         5
 Irradiate                Conj/Alch      4%         3d13      73%         5
 Iskenderun's Battlesphe  Conj           8%         2d6       73%         5
 Silence                  Hex/Air        4%         N/A       73%         5
 Yara's Violent Unravell  Hex/Alch       4%         3d4       73%         5
 Bombard                  Conj/Erth      4%         9d2       100%        6
 Death Channel            Necr           4%         N/A       100%        6
 Dispersal                Tloc           4%         N/A       100%        6
 Gell's Gavotte           Tloc           4%         2d(13-19) 100%        6
 Permafrost Eruption      Ice/Erth       4%         2x4d2     100%        6
 Sculpt Simulacrum        Ice/Alch       4%         N/A       100%        6
 Summon Cactus Giant      Summ           4%         N/A       100%        6
 Enfeeble                 Hex            4%         N/A       100%        7
 Haunt                    Necr/Summ      4%         N/A       100%        7
 Spellforged Servitor     Conj/Summ      4%         N/A       100%        7
 Ignition                 Fire           4%         3d4       100%        8
 Infestation              Necr           4%         N/A       100%        8
 Lehudib's Crystal Spear  Conj/Erth      4%         10d3      100%        8
 Maxwell's Capacitive Co  Air            4%         ∞         100%        8
 Fire Storm               Conj/Fire      4%         8d1       100%        9
 Maxwell's Portable Pile  Tloc           Unusable   2d(6-16)  N/A         3
 Swiftness                Air            Unusable   N/A       N/A         3
 Vhi's Electric Charge    Tloc/Air       Unusable   N/A       N/A         4

Dungeon Overview and Level Annotations

Branches:
Dungeon (15/15)            Temple (1/1) D:4            Lair (4/5) D:10
 Shoals (4/4) Lair:3        Snake (4/4) Lair:2          Orc (2/2) D:11
    Elf (3/3) Orc:2        Vaults (5/5) D:13          Crypt (3/3) Vaults:2
   Tomb (0/3) Crypt:3      Depths (4/4) D:15            Zot (5/5) Depths:4
Ossuary (visited)         Gauntlet (visited)
  Slime: Lair:4-5

Altars:
Ashenzari
Cheibriados
Dithmenos
Elyvilon
Fedhas
Gozag
Hepliaklqana
Kikubaaqudgha
Makhleb
Nemelex Xobeh
Okawaru
Qazlal
Ru
Sif Muna
Trog
Uskayaw
Vehumet
Wu Jian
Xom
Yredelemnul
Zin
The Shining One
Beogh

Shops:
D:14 (   Orc:2 =!*[(?   Elf:1 [   Elf:3 (   Snake:2 ((([   Vaults:1 (
Vaults:4 =(   Depths:1 [   Depths:3 ?   Depths:4 (

Portals:
Hell: Depths:1 Depths:2 Depths:3 Depths:4
Abyss: Depths:2 Depths:3 Depths:4
Pandemonium: Depths:2 Depths:3 Depths:4
Ziggurat: Depths:1

Annotations:
Pan Mennas


Innate Abilities, Weirdness & Mutations

You are a tree.
Your roots penetrate the ground, keeping you stationary.
You cannot be teleported.
You are immune to unholy pain and torment.
Your maximum health is greatly increased.
Your equipment is partially melded.
You cannot be hasted, slowed, berserked, paralysed or teleported.
You can dig through walls and to a lower floor.
((You have a pair of large antennae on your head. (SInv)))
Your four strong arms can wield two-handed weapons with a shield.
You are clumsy. (Dex -2)
Your body sometimes deteriorates upon taking damage.
Your magical capacity is low. (-10% MP)
Your spells are easier to cast, but less powerful.


Message History

Okay, then.
Mennas blocks your attack.
Mennas is severely wounded.
You slash the rockslime! You slice the acid blob!!
Your branches burn!
* * * LOW HITPOINT WARNING * * *
You slice the lorocyproca!! You block Mennas's attack. x2
A shadow demon comes into view.
The very large slime creature is engulfed in blazing flames.
Magic scrolls do not work when you're silenced!
Okay, then.
You barely miss Mennas.
Mennas is severely wounded.
You slash the rockslime! You slice the acid blob!! The acid corrodes you!
Your branches burn!
* * * LOW HITPOINT WARNING * * *
You slash the lorocyproca! You block the acid blob's attack.
You block the rockslime's attack. You block Mennas's attack. x2
The slime creature is engulfed in freezing vapours. x2
The lorocyproca hits you!
* * * LOW HITPOINT WARNING * * *
You feel your power leaking away.
You are confused.
You feel invigorated.
The acid blob disappears in a puff of smoke!
Mennas hits you but does no damage.
Mennas hits you with a +4 eudemon blade of holy wrath!
* * * LOW HITPOINT WARNING * * *
You feel more protected from physical attacks.
The rockslime hits you!!
* * * LOW HITPOINT WARNING * * *
You feel more protected from physical attacks.
The shadow demon gestures.
The very large slime creature is engulfed in blazing flames.
The slime creature is engulfed in blazing flames.
The slime creature hits you but does no damage.
The slime creature is engulfed in freezing vapours.
Two slime creatures merge to form an enormous slime creature.
The lorocyproca hits you but does no damage.
Mennas hits you with a +4 eudemon blade of holy wrath!
You die...

#4).#
#262#
#...#
#62.#
#...#
#..6#
#462#
#3J2#
#°A♣#
#[JJ#
#○○.#
#...#
#...#
#...#
#...#
#...#
#...#


You could see Mennas (silencing, magic disrupted), a demonspawn warmonger
(summoned), a demonspawn blood saint (summoned), 2 demonspawn corrupters, a
lorocyproca (summoned, invisible), a balrug (summoned, wandering, unsilenced), a
reaper (summoned, wandering), an enormous slime creature (summoned), a slime
creature (summoned), a rockslime (summoned), a sun demon (summoned), 2 shadow
demons and a hellwing (summoned).

Vanquished Creatures
  2 dread liches (Vaults:4)
  2 ancient liches (Zot:5)
  6 orbs of fire
  The ghost of Foeluo the Slayer, a master DjHW of Makhleb (Zot:4)
  The ghost of Egutz the Wrestler, a master TrFi of Okawaru (Zot:4)
  2 juggernauts
  Sojobo (Crypt:2)
  The ghost of Jyfueq the Conqueror, a master GrHu of Okawaru (Zot:4)
  Boris (Vaults:4)
  5 Killer Klowns
  5 caustic shrikes
  4 golden dragons
  Jory (Vaults:4)
  2 bone dragons
  4 electric golems
  3 doom hounds (Crypt:1)
  2 liches
  The ghost of znke the Fencer, an adept BaIE of Cheibriados (Vaults:1)
  Rupert (D:14)
  A deep elf blademaster (Elf:3)
  24 Orb Guardians (Zot:5)
  Asterion (Elf:2)
  Grunn (Crypt:1)
  13 tentacled monstrosities
  7 titans
  A walking divine tome (Depths:3)
  The ghost of Buydd the Draconian Blade, an adept DrBr of Wu Jian (Snake:3)
  A deep elf master archer (Elf:3)
  7 death cobs
  10 quicksilver dragons
  A sphinx (Vaults:2)
  Polyphemus (Shoals:4)
  Gastronok (Lair:3)
  3 krakens
  An Executioner (Pan)
  Kirke (Lair:3)
  3 ancient champions
  12 storm dragons
  Donald (Vaults:4)
  5 tengu reavers
  13 shadow dragons
  9 fire giants
  10 revenants
  9 nagarajas (Snake:4)
  Aizul (Snake:3)
  6 protean progenitors
  2 draconian monks
  13 frost giants
  4 iron dragons
  3 deep elf sorcerers
  5 deep elf elementalists (Elf:3)
  4 draconian knights
  2 draconian scorchers
  4 ghost moths
  Louise (Snake:3)
  A draconian shifter (Zot:5)
  A balrug (Depths:4)
  2 curse skulls (Crypt:2)
  27 vault wardens
  A spectral caustic shrike (Crypt:3)
  3 reapers
  2 juggernaut zombies
  2 orc warlords (Vaults:1)
  A draconian stormcaller (Zot:5)
  A cacodemon (Depths:3)
  4 ghouls (Crypt:2)
  A formless jellyfish (Vaults:4)
  2 spriggan defenders (Depths:4)
  13 stone giants
  5 draconian annihilators
  23 ironbound preservers
  A broodmother (Zot:2)
  8 green draconians
  4 ironbound thunderhulks
  10 vampire knights
  Nessos (D:13)
  11 red draconians
  4 deep elf demonologists (Elf:3)
  25 very ugly things
  9 black draconians
  2 spectral titans (Crypt:3)
  5 purple draconians
  11 deep elf death magi
  2 spark wasps (Depths:1)
  5 war gargoyles
  4 white draconians
  3 yellow draconians
  6 dire elephants (Vaults:4)
  6 deep elf annihilators
  12 eidola
  9 merfolk impalers
  Snorg (Lair:3)
  4 merfolk javelineers (Shoals:4)
  A blizzard demon (Pan)
  A crystal guardian (Vaults:3)
  17 ettins
  9 deep elf high priests
  8 fire dragons
  A spectral quicksilver dragon (Crypt:3)
  5 entropy weavers
  21 yaktaur captains
  A spectral shadow dragon (Crypt:3)
  2 spectral spriggans (Crypt:3)
  10 great orbs of eyes
  43 vault guards
  15 jiangshi
  8 ice dragons
  2 spriggan zombies (Crypt:3)
  4 rakshasas
  2 hydras (D:13)
  2 spriggan air magi
  2 merfolk avatars
  12 centaur warriors
  13 anacondas
  5 ironbound frosthearts
  10 boulder beetles
  3 death knights
  An anaconda (shapeshifter) (Depths:1)
  An ogre mage (D:13)
  4 two-headed ogres
  4 catoblepae
  30 dancing weapons
  A fenstrider witch skeleton (Crypt:1)
  2 peacekeepers
  8 tengu warriors
  6 deep troll shamans
  3 alligator snapping turtles (Shoals:4)
  6 merfolk aquamancers
  A shock serpent (shapeshifter) (Vaults:5)
  10 deep troll earth magi
  A hell hog (Depths:1)
  4 satyrs
  11 naga sharpshooters
  10 vampire magi
  Urug (Lair:3)
  2 death yaks (Shoals:4)
  4 spriggan berserkers
  3 occultists
  An orc high priest (Elf:3)
  12 shock serpents
  2 spriggans (Depths:3)
  13 naga warriors
  3 spectral storm dragons (Crypt:3)
  5 soul eaters
  11 sun demons
  21 deep elf knights
  A sixfirhy (Pan)
  A titan skeleton (Crypt:1)
  2 hell knights
  Sonja (Lair:3)
  A fire crab (Gauntlet)
  7 iron trolls
  17 skeletal warriors
  9 shadow wraiths
  4 skysharks
  2 spectral dire elephants
  A spectral anaconda (Crypt:3)
  18 deep elf archers
  3 salamander mystics
  A golden dragon zombie (Depths:1)
  2 goliath frogs (Zot:2)
  2 shadow demons
  25 sea snakes
  2 glowing orange brains
  A bunyip skeleton (Crypt:1)
  12 mana vipers
  9 arcanists
  8 naga ritualists
  7 bog bodies
  66 deep trolls
  9 ironbound convokers
  3 obsidian bats (Orc:2)
  2 spriggan simulacra
  14 flayed ghosts
  18 phantasmal warriors
  5 orc knights
  29 harpies
  4 lindwurms
  A shadow dragon zombie (Crypt:2)
  30 deep elf pyromancers
  A steelbarb worm (shapeshifter) (Elf:2)
  4 necromancers
  4 thermic dynamos
  23 deep elf zephyrmancers
  2 shining eyes (Depths:1)
  5 cyclopes
  An oklob plant (Lair:3)
  5 orc sorcerers
  14 manticores
  Maurice (D:8)
  15 fauns
  A fire giant zombie (Vaults:5)
  24 moths of wrath
  A spectral ettin (Crypt:3)
  40 ugly things
  14 salamanders
  A stone giant skeleton (Vaults:5)
  36 black mambas
  Joseph (D:7)
  A rust devil (Depths:3)
  28 slime creatures
  25 vault sentinels
  9 merfolk sirens
  An iron dragon skeleton (Crypt:1)
  5 guardian serpents
  2 eyes of devastation (Depths:1)
  19 naga magi
  8 water nymphs
  6 kobold blastminers
  A molten gargoyle (D:13)
  3 smoke demons (Pan)
  2 gargoyles (Gauntlet)
  3 large abominations (Depths:2)
  10 cane toads
  A hellion (Depths:1)
  49 yaktaurs
  20 freezing wraiths
  2 tormentors (Crypt:1)
  2 centaur skeletons
  6 rime drakes (Lair:4)
  7 komodo dragons
  3 unseen horrors
  An efreet (D:15)
  An unseen horror skeleton (Crypt:2)
  4 tengu conjurers
  A spectral deep troll (Crypt:3)
  A purple draconian skeleton (Crypt:1)
  A spriggan skeleton (Depths:1)
  2 spectral nagas (Crypt:3)
  A troll (shapeshifter) (Elf:3)
  A queen bee (D:13)
  5 trolls
  5 wind drakes
  4 hellwings (Pan)
  2 polar bears
  2 tyrant leeches (Zot:2)
  37 merfolk
  A glass eye (Depths:3)
  A raiju (D:13)
  A snapping turtle (shapeshifter) (Depths:2)
  A satyr zombie (Crypt:2)
  13 blink frogs
  8 snapping turtles
  2 dream sheep (Shoals:1)
  An ettin zombie (Crypt:3)
  2 hornets (Depths:3)
  A meliai zombie (Crypt:1)
  6 centaur simulacra
  An ettin skeleton (Depths:1)
  A vampire (D:14)
  20 water elementals
  2 wyverns (Lair:2)
  5 shadows
  30 yaks
  2 fire bats (Gauntlet)
  4 wraiths
  5 fire elementals
  4 hogs (Lair:3)
  9 wargs
  A wind drake zombie (Crypt:3)
  2 humans (D:13)
  A hog (shapeshifter) (Vaults:1)
  4 redbacks
  2 chaos spawn (Depths:2)
  25 vampire mosquitoes
  8 basilisks
  39 nagas
  A harpy simulacrum (Crypt:3)
  A wind drake skeleton (Crypt:2)
  A water nymph zombie (Crypt:3)
  2 naga zombies
  An ogre zombie (Vaults:5)
  17 water moccasins
  Duvessa (D:7)
  An acid dragon (D:12)
  35 orc warriors
  2 ice beasts (D:6)
  5 black bears
  A black bear (shapeshifter) (Elf:1)
  A sky beast (D:6)
  8 laughing skulls
  8 small abominations (Depths:2)
  12 wolves
  10 centaurs
  A centaur (shapeshifter) (D:15)
  3 boggarts (Vaults:3)
  4 ogres
  A swamp dragon skeleton (Crypt:1)
  An elf zombie (Ossuary)
  4 gnoll sergeants
  3 kobold brigands
  An earth elemental (Elf:3)
  10 bullfrogs
  6 scorpions
  5 wights
  A troll zombie (Crypt:3)
  A shapeshifter zombie (Crypt:2)
  Dowan (D:7)
  15 killer bees
  A raiju zombie (Crypt:2)
  A wolf zombie (Crypt:2)
  4 electric eels
  3 howler monkeys (D:9)
  A shapeshifter skeleton (Crypt:3)
  A yak skeleton (Crypt:3)
  4 crimson imps (D:3)
  A wyvern simulacrum (Gauntlet)
  A lava snake (D:14)
  2 human simulacra (Vaults:5)
  A bombardier beetle (D:6)
  19 orc priests
  5 hounds
  2 jellies
  A sleepcap (D:5)
  2 iguanas
  4 scorpion zombies (Ossuary)
  25 orc wizards
  12 hell rats
  An ogre skeleton (Crypt:3)
  A hound skeleton (Crypt:3)
  3 mummies (Ossuary)
  2 howler monkey zombies
  18 gnolls
  10 adders
  2 river rats (D:10)
  A steam dragon skeleton (Crypt:1)
  3 shadow imps
  2 white imps
  5 adder zombies (Ossuary)
  2 ribbon worms (D:3)
  5 dart slugs
  107 orcs
  9 ball pythons
  5 bats
  3 endoplasms
  3 giant cockroaches
  4 hobgoblins
  5 jackals
  28 kobolds
  4 quokkas
  6 frilled lizards
  4 goblins
  A jackal skeleton (Crypt:1)
  6 jackal zombies
  3 kobold zombies
  2 rats
  An aspiring flesh (Zot:2)
  2 spectral weapons (Elf:2)
  12 tentacles
2344 creatures vanquished.

Vanquished Creatures (collateral kills)
  Saint Roka (Orc:2)
  An Orb Guardian (Zot:5)
  A draconian shifter (Zot:5)
  A fire giant (Vaults:4)
  A white draconian (Zot:5)
  A minotaur (Gauntlet)
  A mana viper (Snake:1)
  A salamander (Snake:3)
  A black mamba (Snake:1)
  A naga mage (Snake:3)
  A troll (Orc:2)
  A warg (Orc:2)
  3 nagas
  2 orc warriors (Orc:2)
  An orc priest (Orc:2)
  An orc wizard (Orc:2)
  2 orcs (Orc:2)
21 creatures vanquished.

Vanquished Creatures (others)
  A tentacled monstrosity (Zot:4)
  A frost giant (Vaults:5)
  A stone giant (Vaults:5)
  A deep elf high priest (Elf:3)
  A merfolk aquamancer (Shoals:4)
  A skyshark (shapeshifter) (Vaults:5)
  A deep elf pyromancer (Elf:3)
  A water nymph (Shoals:4)
  An orc warrior (Elf:3)
  13 tentacles
22 creatures vanquished.

Grand Total: 2387 creatures vanquished

Notes
Turn   | Place    | Note
-------+----------+-------------------------------------------
     0 | D:1      | dddddd the Formicid Fighter began the quest for the Orb.
     0 | D:1      | Reached XP level 1. HP: 18/18 MP: 1/1
    41 | D:1      | Reached XP level 2. HP: 24/24 MP: 2/2
   240 | D:1      | Reached XP level 3. HP: 24/29 MP: 3/3
  1066 | D:2      | Reached XP level 4. HP: 37/37 MP: 4/4
  1110 | D:2      | Reached skill level 3 in Axes
  1267 | D:2      | Found a hazy altar of Hepliaklqana.
  1876 | D:2      | Reached XP level 5. HP: 42/42 MP: 5/5
  2064 | D:3      | Found a broken altar of Ashenzari.
  2291 | D:3      | Found a shimmering altar of Xom.
  2302 | D:3      | Reached skill level 5 in Shields
  2302 | D:3      | Reached XP level 6. HP: 48/48 MP: 6/6
  2308 | D:3      | Reached skill level 4 in Axes
  3137 | D:4      | Reached XP level 7. HP: 50/55 MP: 5/7
  3158 | D:4      | Reached skill level 5 in Axes
  3177 | D:4      | Found a sand-covered staircase.
  3189 | Ossuary  | Entered an ossuary
  3197 | Ossuary  | Reached skill level 5 in Armour
  3275 | Ossuary  | Reached skill level 5 in Fighting
  3367 | Ossuary  | Reached XP level 8. HP: 62/62 MP: 8/8
  3626 | D:4      | Reached skill level 6 in Axes
  3715 | D:4      | Found a staircase to the Ecumenical Temple.
  3723 | Temple   | Entered the Ecumenical Temple
  3732 | Temple   | Became a worshipper of Qazlal Stormbringer
  4192 | D:5      | Entered Level 5 of the Dungeon
  4375 | D:5      | Reached skill level 1 in Invocations
  4394 | D:5      | Found an ancient bone altar of Kikubaaqudgha.
  4731 | D:6      | Noticed a shadow
  4741 | D:6      | Killed a shadow
  4742 | D:6      | Reached XP level 9. HP: 69/69 MP: 10/10
  4823 | D:6      | Reached skill level 7 in Axes
  5554 | D:7      | Reached * piety under Qazlal
  5597 | D:7      | Noticed Joseph
  5658 | D:7      | Killed Joseph
  5983 | D:7      | Identified the +1 long sword "Maizonoi" {venom, Str+2
                  | Dex+2}
  6224 | D:7      | Noticed Duvessa
  6224 | D:7      | Noticed Dowan
  6399 | D:7      | Killed Duvessa
  6400 | D:7      | Reached skill level 8 in Axes
  6410 | D:7      | Killed Dowan
  6554 | D:7      | Reached XP level 10. HP: 67/77 MP: 13/13
  7326 | D:8      | Noticed Maurice
  7342 | D:8      | Maurice stole 19 poisoned darts
  7348 | D:8      | Killed Maurice
  7456 | D:8      | Reached skill level 5 in Invocations
  7456 | D:8      | Reached ** piety under Qazlal
  7851 | D:9      | Reached skill level 9 in Axes
  8234 | D:9      | Reached XP level 11. HP: 86/86 MP: 15/15
  8660 | D:10     | Entered Level 10 of the Dungeon
  8759 | D:10     | Found a sparkling altar of Nemelex Xobeh.
  8841 | D:10     | Noticed a two-headed ogre
  8858 | D:10     | Killed a two-headed ogre
  8859 | D:10     | Reached skill level 10 in Axes
  9091 | D:9      | Reached *** piety under Qazlal
  9213 | D:10     | Reached skill level 10 in Shields
  9269 | D:10     | Found a staircase to the Lair.
  9609 | D:11     | Noticed a manticore
  9615 | D:11     | Killed a manticore
  9662 | D:11     | Noticed a manticore
  9665 | D:11     | Noticed a catoblepas
  9676 | D:11     | Killed a manticore
  9688 | D:11     | Killed a catoblepas
  9876 | D:11     | Noticed a two-headed ogre
  9881 | D:11     | Killed a two-headed ogre
  9882 | D:11     | Reached skill level 11 in Axes
  9882 | D:11     | Reached XP level 12. HP: 83/95 MP: 17/17
  9976 | D:11     | Reached **** piety under Qazlal
 10230 | D:11     | Noticed a two-headed ogre
 10237 | D:11     | Killed a two-headed ogre
 10269 | D:11     | Found a staircase to the Orcish Mines.
 10294 | D:11     | Found a roughly hewn altar of Beogh.
 11659 | D:13     | Noticed a centaur warrior
 11667 | D:13     | Noticed a centaur warrior
 11742 | D:12     | Killed a centaur warrior
 11745 | D:13     | Noticed a naga sharpshooter
 11854 | D:13     | Noticed a -4 hand axe of venom
 11872 | D:13     | Noticed a rakshasa
 11875 | D:12     | Killed a centaur warrior
 11876 | D:12     | Reached skill level 12 in Axes
 11882 | D:12     | Killed a -4 hand axe of venom
 11989 | D:13     | Noticed a catoblepas
 12068 | D:13     | Noticed a five-headed hydra
 12192 | Lair:1   | Entered Level 1 of the Lair of Beasts
 12342 | Lair:1   | Identified the +7 flail of Mudi {heavy, *Corrode Int+7
                  | Dex-4}
 12364 | Lair:1   | Reached skill level 10 in Fighting
 12364 | Lair:1   | Reached skill level 10 in Armour
 12474 | Lair:1   | Got the Atlas of Turbulence and Flames
 12527 | Lair:1   | Reached XP level 13. HP: 92/103 MP: 19/19
 13181 | Lair:2   | Reached ***** piety under Qazlal
 13341 | Lair:2   | Reached skill level 13 in Axes
 13441 | Lair:2   | Found a staircase to the Snake Pit.
 14200 | Lair:3   | Noticed Urug
 14226 | Lair:3   | Killed Urug
 14340 | Lair:3   | Noticed Gastronok
 14349 | Lair:3   | Noticed Sonja
 14355 | Lair:3   | Killed Sonja
 14362 | Lair:3   | Killed Gastronok
 14391 | Lair:3   | Found a gate leading to a gauntlet.
 14411 | Gauntlet | Entered a Gauntlet
 14411 | Gauntlet | Found a transporter.
 14411 | Gauntlet | Found a transporter.
 14412 | Gauntlet | Found a transporter.
 14415 | Gauntlet | Found a transporter.
 14415 | Gauntlet | Found a transporter.
 14426 | Gauntlet | Found a transporter.
 14429 | Gauntlet | Noticed a catoblepas
 14430 | Gauntlet | Found a transporter.
 14449 | Gauntlet | Found a transporter.
 14453 | Gauntlet | Found a transporter.
 14470 | Gauntlet | Noticed a minotaur
 14480 | Gauntlet | Found a transporter.
 14498 | Gauntlet | Found a transporter.
 14506 | Gauntlet | Found a transporter.
 14582 | Gauntlet | Noticed a reaper
 14642 | Gauntlet | Reached skill level 10 in Invocations
 14793 | Gauntlet | Killed a catoblepas
 14795 | Gauntlet | Reached XP level 14. HP: 95/113 MP: 21/21
 14816 | Gauntlet | Identified the +0 pair of boots of Muttered Phrases {rC++}
 14857 | Gauntlet | Killed a minotaur
 14900 | Gauntlet | Identified the +5 orcbow of Plunder {speed, rElec rPois rN+
                  | SInv}
 15089 | Lair:3   | Noticed Kirke
 15164 | Lair:3   | Noticed a sphinx
 15308 | Lair:3   | Killed Kirke
 15309 | Lair:3   | Reached skill level 14 in Axes
 15538 | Lair:3   | Noticed Snorg
 15550 | Lair:3   | Killed Snorg
 15855 | Lair:3   | Found a staircase to the Shoals.
 16181 | Lair:4   | Identified the +10 war axe "Hellblazer" {flame, rF- rN+
                  | Str+5}
 16188 | Lair:4   | Got the Precepts of Rallying
 17134 | D:13     | Noticed Nessos
 17236 | D:13     | Killed Nessos
 17373 | D:13     | Identified the +7 plate armour "Jeutid" {Fly Regen+ Int-5
                  | Dex+2}
 17393 | D:13     | Reached skill level 15 in Axes
 17393 | D:13     | Reached XP level 15. HP: 116/120 MP: 23/23
 17442 | D:13     | Found a sparkling altar of Nemelex Xobeh.
 17711 | D:13     | Found a gate to the Vaults.
 17987 | D:14     | Found Pezxiqull's Weapon Shop.
 17992 | D:14     | Bought 2 throwing nets for 66 gold pieces
 18145 | D:14     | Noticed Rupert
 18156 | D:14     | Killed Rupert
 18633 | D:15     | Entered Level 15 of the Dungeon
 18935 | D:15     | Found a staircase to the Depths.
 19171 | D:15     | Reached skill level 16 in Axes
 19355 | D:15     | Identified a scroll of acquirement
 19379 | D:15     | Found a shimmering blue altar of Sif Muna.
 19456 | Orc:1    | Entered Level 1 of the Orcish Mines
 19783 | Orc:2    | Entered Level 2 of the Orcish Mines
 19795 | Orc:2    | Found Nounenwo's Gadget Gallery.
 19853 | Orc:2    | Found a roughly hewn altar of Beogh.
 19873 | Orc:2    | Reached XP level 16. HP: 106/130 MP: 25/25
 19927 | Orc:2    | Reached skill level 15 in Shields
 19969 | Orc:2    | Found a roughly hewn altar of Beogh.
 19987 | Orc:2    | Found a staircase to the Elven Halls.
 20039 | Orc:2    | Noticed Saint Roka
 20085 | Orc:2    | Reached ****** piety under Qazlal
 20093 | Orc:2    | Killed Saint Roka
 20206 | Orc:2    | Found Eggolon's Jewellery Emporium.
 20362 | Orc:2    | Found a roughly hewn altar of Beogh.
 20382 | Orc:2    | Found Ysmus's Magic Scroll Shop.
 20391 | Orc:2    | Bought a scroll of revelation for 120 gold pieces
 20391 | Orc:2    | Bought a scroll of enchant armour for 120 gold pieces
 20391 | Orc:2    | Bought a scroll of brand weapon for 152 gold pieces
 20411 | Orc:2    | Found a roughly hewn altar of Beogh.
 20532 | Orc:2    | Found Guiqunnu's Antique Weapon Shop.
 20536 | Orc:2    | Found a roughly hewn altar of Beogh.
 20537 | Orc:2    | Found Hoazyj's Antique Armour Boutique.
 20579 | Orc:2    | Found a roughly hewn altar of Beogh.
 20639 | Orc:2    | Found a roughly hewn altar of Beogh.
 20655 | Orc:2    | Found Esoiwi's Distillery.
 20662 | Orc:2    | Bought a potion of curing for 36 gold pieces
 20662 | Orc:2    | Bought a potion of invisibility for 96 gold pieces
 20774 | Orc:2    | Found a roughly hewn altar of Beogh.
 21094 | Snake:1  | Entered Level 1 of the Snake Pit
 21094 | Snake:1  | Found a shimmering altar of Xom.
 21417 | Snake:1  | Reached skill level 17 in Axes
 22008 | Snake:2  | Found Wosobuej's Armour Emporium.
 22008 | Snake:2  | Found Nead's Antique Weapon Shoppe.
 22018 | Snake:2  | Reached XP level 17. HP: 136/138 MP: 27/27
 22024 | Snake:2  | Found Midipt's Antique Weapon Emporium.
 22028 | Snake:2  | Bought a crystal battleaxe for 333 gold pieces
 22028 | Snake:2  | Identified the +9 battleaxe "Ipoh" {protect, rC+} (You
                  | bought it in a shop on level 2 of the Snake Pit)
 22028 | Snake:2  | Found Ujoi's Weapon Shoppe.
 22562 | Snake:3  | Found a transporter.
 22657 | Snake:3  | Noticed Buydd's ghost (adept DrBr)
 22668 | Snake:3  | Noticed Louise
 22687 | Snake:3  | Killed Louise
 22761 | Snake:3  | Got the Guide on the Algid Dragon
 22945 | Snake:3  | Identified the serpent talisman of the Amoeba {rElec rN++
                  | Str-3 Dex+3}
 22945 | Snake:3  | Noticed Aizul
 22964 | Snake:3  | Killed Aizul
 22985 | Snake:3  | Found a transporter.
 23170 | Snake:4  | Entered Level 4 of the Snake Pit
 23241 | Snake:4  | Reached skill level 18 in Axes
 24180 | Snake:4  | Reached XP level 18. HP: 116/147 MP: 28/28
 24618 | Snake:4  | Reached skill level 15 in Fighting
 24631 | Snake:4  | Got a serpentine rune of Zot
 24968 | Snake:3  | Killed Buydd's ghost
 24969 | Snake:3  | Reached skill level 15 in Armour
 25142 | Shoals:1 | Entered Level 1 of the Shoals
 25282 | Shoals:1 | Reached skill level 1 in Throwing
 25596 | Shoals:1 | Reached skill level 19 in Axes
 26002 | Shoals:2 | Reached skill level 15 in Invocations
 26341 | Shoals:2 | Reached XP level 19. HP: 155/155 MP: 30/30
 27612 | Shoals:4 | Entered Level 4 of the Shoals
 27622 | Shoals:4 | Noticed Polyphemus
 27679 | Shoals:4 | Killed Polyphemus
 27876 | Shoals:4 | Reached skill level 5 in Throwing
 27975 | Shoals:4 | Reached skill level 20 in Axes
 28492 | Shoals:4 | Reached XP level 20. HP: 165/165 MP: 32/32
 28789 | Shoals:4 | Got a barnacled rune of Zot
 29071 | Elf:1    | Entered Level 1 of the Elven Halls
 29074 | Orc:2    | Acquired the ring "Uliac" {rF+ Str+6}
 29083 | Orc:2    | Acquired the +8 executioner's axe "Seite" {antimagic,
                  | *Noise rN++ Dex+3 SInv}
 29254 | Elf:1    | Reached skill level 1 in Spellcasting
 29363 | Elf:1    | Found Kauhon's Antique Armour Boutique.
 30475 | Elf:2    | Found a runed translucent gate.
 30475 | Elf:2    | Found a runed translucent gate.
 30475 | Elf:2    | Found a runed translucent gate.
 30665 | Elf:2    | Noticed Asterion
 30777 | Elf:2    | Killed Asterion
 31452 | Vaults:1 | Entered Level 1 of the Vaults
 31617 | Vaults:1 | Reached XP level 21. HP: 69/173 MP: 11/33
 31652 | Vaults:1 | Reached skill level 21 in Axes
 32011 | Vaults:1 | Found a transporter.
 32014 | Vaults:1 | Found a bloodstained altar of Trog.
 32014 | Vaults:1 | Noticed znke's ghost (adept BaIE)
 32022 | Vaults:1 | Found a transporter.
 32165 | Vaults:1 | Found Tiuts's Antique Weapon Boutique.
 32334 | Vaults:1 | Identified the +8 short sword "Miewka" {vamp, Str+3 Dex+3
                  | Stlth+}
 32562 | Vaults:1 | Found Pant's Assorted Antiques.
 33263 | Vaults:1 | Reached skill level 5 in Spellcasting
 33394 | Vaults:1 | Killed znke's ghost
 33399 | Vaults:1 | Got Nuhailea's Book of the Calescent Panacea
 33850 | Vaults:2 | Found a staircase to the Crypt.
 34008 | Vaults:2 | Reached XP level 22. HP: 171/182 MP: 11/34
 35026 | Vaults:3 | Reached skill level 22 in Axes
 35806 | Vaults:4 | Found Liddyso's Weapon Shop.
 35913 | Vaults:4 | Noticed Donald
 35940 | Vaults:4 | Killed Donald
 35941 | Vaults:4 | Noticed Jory
 35959 | Vaults:4 | Reached XP level 23. HP: 68/190 MP: 0/36
 35963 | Vaults:4 | Killed Jory
 36420 | Vaults:4 | Reached skill level 10 in Throwing
 36681 | Vaults:4 | Found Zibuib's Jewellery Shoppe.
 37086 | Elf:3    | Entered Level 3 of the Elven Halls
 37142 | Elf:3    | Found a transporter.
 37146 | Elf:3    | Found Wirphol's Weapon Shop.
 37148 | Elf:3    | Found a transporter.
 37874 | Elf:3    | Identified the +1 leather armour of Light {rF+ Will+}
 37880 | Elf:3    | Identified the +1 ring mail of the Riding Gods {Rampage
                  | Stlth+}
 37900 | Elf:3    | Identified the ring of Neikh {Fly rElec Int+3}
 37918 | Elf:3    | Reached skill level 23 in Axes
 37959 | Elf:3    | Identified the +10 falchion of Gin and Tonic {holy,
                  | ^Fragile rN+ Str-2 Dex+5}
 38204 | Elf:3    | Identified the ring of Vic Fot {rPois rN+ AC+4 Dex+2}
 38236 | Elf:3    | Identified the +4 arbalest of Punishment {heavy, Str+5}
 38276 | Elf:3    | Acquired a manual of Spellcasting
 38674 | Crypt:1  | Entered Level 1 of the Crypt
 38864 | Crypt:1  | Reached XP level 24. HP: 197/199 MP: 12/36
 38938 | Crypt:1  | Noticed Grunn
 38976 | Crypt:1  | Killed Grunn
 39184 | Crypt:1  | Got the Discursus on Caskets
 39662 | Crypt:2  | Reached skill level 10 in Spellcasting
 40687 | Crypt:3  | Entered Level 3 of the Crypt
 41049 | Crypt:3  | Noticed Sojobo
 41087 | Crypt:2  | Killed Sojobo
 41404 | Crypt:3  | Reached XP level 25. HP: 208/208 MP: 12/38
 41804 | Crypt:3  | Reached skill level 24 in Axes
 42000 | Crypt:3  | Identified the staff of the Conjuring Tiger {Dex+2 Earth}
 42329 | Crypt:3  | Found a staircase to the Tomb.
 42486 | Crypt:3  | Identified the +5 scimitar of Kapryh {venom, Int+3}
 42736 | Vaults:5 | Entered Level 5 of the Vaults
 42743 | Vaults:5 | Reached skill level 1 in Shapeshifting
 42750 | Vaults:5 | Noticed a dread lich
 42849 | Vaults:5 | Identified the +4 robe "Carusky" {+Inv SInv}
 42849 | Vaults:5 | Noticed Boris
 42866 | Vaults:4 | Killed Boris
 42866 | Vaults:4 | Killed a dread lich
 42976 | Vaults:4 | Reached XP level 26. HP: 161/217 MP: 5/39
 43035 | Vaults:5 | Noticed a dread lich
 43050 | Vaults:4 | Killed a dread lich
 43336 | Vaults:5 | Identified the +9 quarterstaff of the Priest {freeze, *Rage
                  | Fly Str+2 Dex+5}
 43393 | Vaults:5 | Got a silver rune of Zot
 43461 | Vaults:5 | Acquired a manual of Shapeshifting
 43577 | Vaults:5 | Identified the +4 plate armour "Wampui Vohyh" {rElec rF+
                  | MP-9 Int+3}
 44582 | Depths:1 | Entered Level 1 of the Depths
 44630 | Depths:1 | Reached skill level 5 in Shapeshifting
 44806 | Depths:1 | Found Ahesal's Armour Boutique.
 44840 | Depths:1 | Reached skill level 25 in Axes
 44854 | Depths:1 | Found a gateway to Hell.
 44863 | Depths:1 | Gained mutation: You occasionally shout uncontrollably at
                  | your foes. [a shining eye]
 44865 | Depths:1 | Gained mutation: Your magical capacity is low. (-10% MP) [a
                  | shining eye]
 44874 | Depths:1 | Gained mutation: You are clumsy. (Dex -2) [a shining eye]
 45377 | Depths:1 | Found a one-way gateway to a ziggurat.
 45606 | Depths:2 | Noticed a juggernaut
 45625 | Depths:2 | Killed a juggernaut
 45712 | Depths:2 | Found a one-way gate leading to the halls of Pandemonium.
 45935 | Depths:2 | Reached XP level 27. HP: 215/226 MP: 12/37
 46028 | Depths:2 | Identified the +4 scale mail of the Barnacle {rC++ MP+9
                  | Stlth-}
 46212 | Depths:2 | Found a one-way gate to the infinite horrors of the Abyss.
 46973 | Depths:3 | Reached skill level 15 in Spellcasting
 47223 | Depths:3 | Found Pinosol's Magic Scroll Boutique.
 47226 | Depths:3 | Bought a scroll of fog for 56 gold pieces
 47679 | Depths:4 | Entered Level 4 of the Depths
 47742 | Depths:4 | Noticed a juggernaut
 47753 | Depths:4 | Killed a juggernaut
 47776 | Depths:4 | Found Jar Kud's Weapon Emporium.
 48012 | Depths:4 | Found a gate to the Realm of Zot.
 48211 | Depths:4 | Found an iron altar of Okawaru.
 48614 | Zot:1    | Entered Level 1 of the Realm of Zot
 48722 | Zot:1    | Noticed an orb of fire
 48748 | Depths:4 | Gained mutation: Your body sometimes deteriorates upon
                  | taking damage. [an orb of fire]
 48751 | Depths:4 | Killed an orb of fire
 49469 | Zot:2    | Reached skill level 10 in Shapeshifting
 49476 | Zot:2    | Reached skill level 26 in Axes
 50435 | Zot:3    | Noticed an orb of fire
 50442 | Zot:3    | Lost mutation: You occasionally shout uncontrollably at
                  | your foes. [an orb of fire]
 50457 | Zot:3    | Killed an orb of fire
 51192 | Zot:4    | Noticed a Killer Klown
 51208 | Zot:4    | Killed a Killer Klown
 51239 | Zot:4    | Found a runed translucent gate.
 51239 | Zot:4    | Found a runed translucent gate.
 51239 | Zot:4    | Found a runed translucent gate.
 51240 | Zot:4    | Noticed Foeluo's ghost (master DjHW)
 51240 | Zot:4    | Noticed Egutz's ghost (master TrFi)
 51240 | Zot:4    | Noticed Jyfueq's ghost (master GrHu)
 51259 | Zot:4    | Killed Egutz's ghost
 51269 | Zot:4    | Killed Foeluo's ghost
 51304 | Zot:4    | Killed Jyfueq's ghost
 52096 | Zot:5    | Entered Level 5 of the Realm of Zot
 52187 | Zot:5    | Reached skill level 15 in Throwing
 52551 | Zot:5    | Noticed an ancient lich
 52566 | Zot:5    | Killed an ancient lich
 52593 | Zot:5    | Noticed an orb of fire
 52598 | Zot:5    | Gained mutation: Your spells are a little easier to cast,
                  | but a little less powerful. [an orb of fire]
 52599 | Zot:5    | Noticed an orb of fire
 52602 | Zot:5    | Noticed a Killer Klown
 52606 | Zot:5    | Killed an orb of fire
 52615 | Zot:5    | Noticed a Killer Klown
 52621 | Zot:5    | Noticed a Killer Klown
 52625 | Zot:5    | Killed an orb of fire
 52632 | Zot:5    | Killed a Killer Klown
 52644 | Zot:5    | Noticed an orb of fire
 52651 | Zot:5    | Gained mutation: Your spells are easier to cast, but less
                  | powerful. [an orb of fire]
 52813 | Zot:4    | Killed an orb of fire
 52828 | Zot:5    | Killed a Killer Klown
 52840 | Zot:5    | Killed a Killer Klown
 53023 | Zot:5    | Noticed an orb of fire
 53027 | Zot:5    | Killed an orb of fire
 53078 | Zot:5    | Noticed a Killer Klown
 53102 | Zot:5    | Killed a Killer Klown
 53173 | Zot:5    | Noticed an ancient lich
 53180 | Zot:5    | Killed an ancient lich
 53671 | Pan      | Entered Pandemonium
 53674 | Pan      | Noticed Mennas
 53712 | Pan      | HP: 2/346 [rockslime[a demonspawn corrupter] (19)]
 53712 | Pan      | Mangled by Mennas

Illustrated notes

Levels and vault maps discovered:
D:1:      shiori_arrival_elements, layout_basic, nicolae_eternal_life
D:2:      layout_loops_corners, basic_altar
D:3:      layout_basic, led_xom_imps, ashenzari_conservatory_becter,
          serial_aquarium, aquarium_bridge_square [aquarium_subvault_window,
          aquarium_subvault_wall, aquarium_subvault_window,
          aquarium_subvault_bridge], aquarium_window_double, aquarium_window_1,
          aquarium_window_3, aquarium_view_2b, aquarium_balcony_double_4,
          nicolae_the_louvre
D:4:      layout_loops_ring, minmay_temple_entry_statues_fountains,
          nicolae_ossuary_entry_monument
D:5:      layout_rooms, mainiacjoe_overflow_surrounded_room,
          kennysheep_generic_room_10
D:6:      layout_basic, nrook_uturn, serial_bayou_ford_a,
          kennysheep_decorative_pillar
D:7:      layout_gridville, grunt_decor_one_mirror, uniq_duvessa, uniq_joseph
D:8:      layout_loops_cross, serial_co_window_serial, co_window_paths_a,
          co_window_paths_b, co_window_paths_a, co_window_cross_1,
          co_window_corner_a, co_window_paths_b, co_window_2corner,
          co_window_cross_2, co_window_corner_b, co_window_broadway_c,
          co_window_paths_c, co_window_2corner, co_window_2corner,
          co_window_paths_d, glass_columns_c, glass_columns_b, glass_columns_a,
          minivault_27, uniq_maurice
D:9:      layout_cave_pools, special_room [special_room_orc]
D:10:     layout_irregular_city, nemelex_diamond_rough_becter,
          dpeg_lair_monsters
D:11:     nzn_motion_control, layout_loops_ring, minmay_orc_entry_temple_small
D:12:     layout_stronghold
D:13:     regret_index_nemelex_summoning_deck_glade, layout_irregular_city,
          grunt_vaults_entry_fortified, serial_glass, glass_columns_a,
          glass_columns_b, uniq_nessos
D:14:     layout_loops_cross, nicolae_concentric_dashed_squares_mild,
          serial_shops, nicolae_stop_n_shop_2, kennysheep_cluttered_room,
          uniq_rupert
D:15:     hangedman_depths_entry_civil_slaughter, layout_loops_ring, tgw_sif
Temple:   regret_index_temple_mists
Lair:1:   layout_gridlike, beast_lair_carwin_10
Lair:2:   layout_cave_pods, alex1729_snake_entry_snake, serial_bayou,
          serial_bayou_lagoon_a, serial_bayou_pond_d, serial_bayou_pond_e,
          serial_bayou_shore_a
Lair:3:   layout_regular_city, mainiacjoe_shoals_entry_four_pools,
          gauntlet_entry_generic, chequers_serial_rivers_micro_a,
          kennysheep_basilisk_garden, lemuel_fruit_tree,
          infiniplex_staircase_pool, uniq_sonja, uniq_snorg, uniq_urug,
          uniq_gastronok, uniq_kirke
Lair:4:   layout_hall_layers, minmay_lair_drake_nest
Shoals:1: layout_shoals
Shoals:2: cheibrodos_shoals_three_sisters, layout_shoals
Shoals:3: layout_shoals
Shoals:4: shoals_end_grunt_ice, layout_shoals, uniq_polyphemus
Snake:1:  layout_rooms, basic_altar, guppyfry_snake_island, grunt_megastairs_1
Snake:2:  layout_cave_shapes, minmay_shoptagon, serial_bayou_shore_b
Snake:3:  layout_rooms, gammafunk_ghost_arena, eino_curves_04, uniq_aizul,
          uniq_louise
Snake:4:  grunt_snake_rune_pools, layout_cave_town, nicolae_snake_boneroom
Orc:1:    layout_caves
Orc:2:    grunt_orc_community_town_hall, layout_caves,
          grunt_orc_community_big_house_2, grunt_orc_community_big_house_2,
          grunt_orc_community_house_1, grunt_orc_community_house_2,
          grunt_orc_community_house_3, grunt_orc_community_house_3,
          grunt_orc_community_house_1, grunt_orc_community_house_1,
          serial_shops, shop, nicolae_shop_gadgets
Elf:1:    eino_elf_arrival_sip, layout_onion_city, serial_shops,
          nicolae_lakefront_shop, regret_index_elf_centigrade
Elf:2:    elven_hall_of_blades_hangedman_original [nicolae_blade_little_rooms],
          layout_geoelf_diagonals, uniq_asterion
Elf:3:    minmay_elf_hall_not_hex, layout_geoelf_diagonals, serial_shops,
          nicolae_shop_drivethru
Vaults:1: gammafunk_ghost_wrathful_warriors, v_pattern_3, st_quartered_hall,
          nicolae_vaults_two_Ls, nicolae_vaults_little_squares_6,
          nicolae_vaults_trapezoid_3, grunt_vaults_funnel,
          ontoclasm_vaults_hangar, vaults_room_door_ring,
          nicolae_vaults_storage_closets_2, nicolae_vaults_alarming,
          ontoclasm_vaults_hangar, vaults_room_stairs_pillars,
          nicolae_vaults_diamond_2, vaults_room_semicircle,
          hangedman_vaults_slice, layout_vaults_chaotic_city, serial_shops,
          nicolae_shop_pleasant_corner_grove, shop
Vaults:2: grunt_vaults_hallway_short, hangedman_vaults_cutoff,
          vaults_room_large_hall, minmay_crypt_entry_simple_corners,
          nicolae_vaults_double_plus_1, nicolae_vaults_little_squares_6,
          v_alt_pattern_3, v_misc_31, nicolae_vaults_big_ls,
          ontoclasm_vaults_pinch, vaults_mumra_chevron_long,
          nicolae_vaults_little_squares_4, layout_vaults_big_cross
Vaults:3: nicolae_vaults_stairing_the_circle, nicolae_vaults_swerve,
          nicolae_vaults_network_square, v_rooms_6,
          nicolae_vaults_little_squares_5, nicolae_vaults_network_quinsquares
          [nicolae_vaults_network_quincunx_subvault,
          nicolae_vaults_network_quincunx_subvault,
          nicolae_vaults_network_quincunx_subvault,
          nicolae_vaults_network_quincunx_subvault],
          nicolae_vaults_variable_pillar_hall, nicolae_vaults_weapon_check,
          nicolae_vaults_holding_cells, layout_vaults_ring, uniq_saint_roka
Vaults:4: nicolae_vaults_door_testing_chamber, ontoclasm_vaults_tryst,
          grunt_vaults_trifunnel, nicolae_vaults_surprise_closet,
          nicolae_vaults_cochlea, nicolae_vaults_yaktaur_gun_rack,
          vaults_room_door_ring, v_misc_19, v_misc_28,
          nicolae_vaults_taking_the_gang_shopping, nicolae_vaults_double_plus_2,
          nicolae_vaults_double_plus_3, ontoclasm_vaults_shout,
          ontoclasm_vaults_gateway, nicolae_vaults_little_squares_2,
          grunt_vaults_diagonal, vaults_room_mumra_shop_pool,
          layout_vaults_omnibox, uniq_donald, uniq_jory
Vaults:5: uniq_boris
Crypt:1:  layout_gridlike, special_room [special_room_morgue],
          nicolae_crypt_lurching_hallway, uniq_grunn
Crypt:2:  layout_basic, nicolae_crypt_skullbonk, minmay_misc_feat_ornament
Crypt:3:  due_elkab, layout_chaotic_city, minivault_14,
          amcnicky_mini_rare_corridor_liquid, uniq_sojobo
Depths:1: layout_gridlike, enter_ziggurat_e, kennysheep_boxes, serial_shops,
          shop, nicolae_hell_entry_hellmouth_sunbeams,
          eino_small_chamber_without_monster, nicolae_figureground_pulse
Depths:2: minmay_textured_paths, layout_cave_shapes, rand_demon_pan_entry_3,
          minmay_room_of_horrors, hangedman_abyss_or_decor_stagger,
          grunt_hell_entry_dis_mu
Depths:3: evilmike_diamond_1, layout_gridville, hell_entry, serial_shops,
          nicolae_shop_rolled_up, minmay_misc_feat_encased,
          rand_demon_pan_entry_5, abyss_entry, serial_sigils_hangedman_scratch,
          infiniplex_staircase_zigzag_3
Depths:4: evilmike_zot_entry_basic, layout_gridlike, abyss_entry, serial_shops,
          nicolae_shop_mannequins, hex_medium, pf_dread_powers_of_hell,
          pan_entry, okawaru_altar_gauntlet_db
Zot:1:    layout_misc_corridors, grunt_megastairs_5
Zot:2:    layout_cathedral_of_symmetry, hangedman_zot_wheel_spokes
Zot:3:    layout_gridlike, lemuel_elevator, regret_index_zotdec_banners
Zot:4:    layout_gridlike, regret_index_zotdec_zees, gammafunk_ghost_cemetery
Zot:5:    layout_basic
Pan:      evilmike_mini_pan_T, layout_cross, uniq_mennas_pan

Skill      XL: |  1  2  3  4  5  6  7  8  9 10 11 12 13 14 15 16 17 18 19 20 21 22 23 24 25 26 27 |
---------------+----------------------------------------------------------------------------------+-----
Axes           | 3 4 5 6 8 9 11 12 13 15 16 17 18 19 20 21 22 23 24 25 26 | 26.9
Armour         | 4 5 6 8 9 10 11 12 13 14 15 | 15.0
Fighting       | 4 5 6 8 9 10 11 12 13 14 15 16 17 18 19 20 22 | 22.1
Shields        | 5 6 7 8 9 10 11 12 14 15 16 17 18 19 20 21 22 23 25 | 25.1
Invocations    | 2 4 5 7 8 10 11 12 13 14 15 16 17 18 19 20 22 | 22.5
Throwing       | 3 5 7 8 9 10 11 12 13 15 | 15.7
Spellcasting   | 4 6 7 9 11 12 14 16 | 16.8
Shapeshifting  | 3 6 13 | 13.1

Action                     |  1- 3 |  4- 6 |  7- 9 | 10-12 | 13-15 | 16-18 | 19-21 | 22-24 | 25-27 || total
---------------------------+-------+-------+-------+-------+-------+-------+-------+-------+-------++-------
  Melee: War axe           |    60 |   142 |   301 |   490 |    34 |       |       |       |       ||  1027
         Battleaxe         |       |       |       |   185 |   762 |   913 |   399 |       |       ||  2259
         Executioner's axe |       |       |       |       |       |       |   673 |  1145 |  1839 ||  3657
  Throw: Dart              |       |       |     5 |     5 |       |       |       |       |       ||    10
         Javelin           |       |       |       |       |       |       |       |    11 |    17 ||    28
 Invoke: Upheaval          |       |       |       |     4 |     7 |    11 |     2 |     8 |    12 ||    44
         Disaster Area     |       |       |       |       |     3 |     5 |     4 |     3 |     7 ||    22
         Elemental Force   |       |       |       |       |     2 |     4 |     1 |       |     1 ||     8
Ability: Dig               |     1 |       |       |       |     1 |       |       |       |       ||     2
    Use: Scroll            |     5 |     6 |     9 |     2 |     7 |     1 |     3 |     2 |    17 ||    52
         Potion            |       |       |     1 |     2 |     6 |     5 |     5 |     4 |    14 ||    37
   Stab: Petrified         |       |       |       |       |     2 |       |       |       |       ||     2
         Paralysed         |       |       |       |       |       |     2 |       |       |       ||     2
         Distracted        |       |       |       |       |       |     1 |       |       |     2 ||     3
         Invisible         |       |       |       |       |       |       |    13 |       |       ||    13
 Armour: Scale mail        |    29 |   127 |       |       |       |       |       |       |       ||   156
         Chain mail        |       |     6 |   260 |       |       |       |       |       |       ||   266
         Plate armour      |       |       |       |   650 |   541 |   684 |   533 |   424 |   672 ||  3504
         Skin              |       |       |       |       |     1 |       |       |       |    10 ||    11
         Gold dragon scale |       |       |       |       |       |       |       |       |   244 ||   244
  Dodge: Dodged            |    45 |    64 |    94 |   187 |   149 |    95 |   105 |    83 |   186 ||  1008
         Repelled          |       |       |       |    21 |    36 |    58 |    60 |    65 |   101 ||   341
  Block: Buckler           |    22 |    46 |   100 |   442 |   197 |       |       |       |       ||   807
         Kite shield       |       |       |       |       |   644 |   509 |       |       |       ||  1153
         Tower shield      |       |       |       |       |       |   688 |  1548 |  1422 |  2449 ||  6107

Table legend: (Time is in decaauts)
 A = Elapsed time spent in this place.
 B = Non-inter-level travel time spent in this place.
 C = Inter-level travel time spent in this place.
 D = Time resting spent in this place.
 E = Time spent auto-exploring this place.
 F = Levels seen in this place.
 G = Mean time per level.
                   A        B        C        D        E       F      G
               +--------+--------+--------+--------+--------+-----+--------+
         Total |  53062 |  48966 |   4096 |    938 |  34852 |  53 | 1001.2 |
       Dungeon |  14980 |  13784 |   1196 |    182 |  10322 |  15 |  998.7 |
        Temple |     23 |     23 |      0 |      0 |      0 |   1 |   23.0 |
          Lair |   4609 |   4149 |    460 |     96 |   3133 |   4 | 1152.2 |
        Shoals |   3662 |   3492 |    170 |     12 |   2486 |   4 |  915.5 |
     Snake Pit |   3849 |   3655 |    194 |     44 |   2500 |   4 |  962.2 |
  Orcish Mines |   1625 |   1391 |    234 |      0 |    875 |   2 |  812.5 |
   Elven Halls |   3584 |   3311 |    273 |     48 |   2138 |   3 | 1194.7 |
        Vaults |   7224 |   6466 |    758 |    165 |   4585 |   5 | 1444.8 |
         Crypt |   3803 |   3583 |    220 |    245 |   2328 |   3 | 1267.7 |
        Depths |   4213 |   3900 |    313 |    141 |   2780 |   4 | 1053.2 |
           Zot |   4477 |   4201 |    276 |      5 |   3229 |   5 |  895.4 |
   Pandemonium |     32 |     32 |      0 |      0 |      0 |   1 |   32.0 |
       Ossuary |    376 |    376 |      0 |      0 |    224 |   1 |  376.0 |
      Gauntlet |    600 |    600 |      0 |      0 |    252 |   1 |  600.0 |
               +--------+--------+--------+--------+--------+-----+--------+

Top non-repeatable levels by time:
Vaults:1: 2066 daAuts
    D:12: 1703 daAuts
 Snake:4: 1553 daAuts
Vaults:4: 1518 daAuts
 Crypt:3: 1469 daAuts
 Crypt:2: 1390 daAuts
  Lair:2: 1331 daAuts
   Elf:3: 1330 daAuts
     D:8: 1258 daAuts
Vaults:3: 1230 daAuts
  Lair:3: 1222 daAuts
Vaults:5: 1221 daAuts
   Elf:1: 1205 daAuts
Depths:4: 1189 daAuts
Vaults:2: 1188 daAuts
